 Dungeon Crawl Stone Soup version 0.22-a0-379-ga9d99d6 (webtiles) character file.

1330 Alphaeus the Covert (level 8, 0/49 HPs)
             Began as an Octopode Fighter on Apr 28, 2018.
             Was a Believer of Hepliaklqana.
             Slain by an orc
             ... wielding a +0 club
              (2 damage)
             ... on level 9 of the Dungeon.
             The game lasted 00:10:01 (7052 turns).

Alphaeus the Covert (Octopode Fighter)              Turns: 7052, Time: 00:10:01

Health: 0/49       AC:  1    Str: 17    XL:     8   Next: 60%
Magic:  8/8        EV: 15    Int: 10    God:    Hepliaklqana [**....]
Gold:   201        SH: 10    Dex: 22    Spells: 7/7 levels left

rFire    . . .     SeeInvis +     - Unarmed
rCold    . . .     Gourm    +   a - +0 shield
rNeg     . . .     Faith    .   (helmet restricted)
rPois    .         Spirit   .   o - amulet of the gourmand
rElec    .         Reflect  .   i - +5 ring of dexterity
rCorr    .         Harm     .   t - +5 ring of dexterity
MR       .....                  v - ring of see invisible
Stlth    +++++.....             (no ring)
HPRegen  0.16/turn              (no ring)
MPRegen  0.11/turn              (no ring)
                                (no ring)
                                (no ring)

@: no status effects
A: almost no armour, stealthy swim, amphibious, 8 rings, constrict 8, reduced
essence, camouflage 1, gelatinous body 1
a: Recall Ancestor, Ancestor Identity, Renounce Religion


You were on level 9 of the Dungeon.
You worshipped Hepliaklqana.
Hepliaklqana was pleased with you.
You were completely stuffed.

You visited 1 branch of the dungeon, and saw 7 of its levels.

You collected 201 gold pieces.

Inventory:

Hand Weapons
 B - the +5 rapier of Uzxaew {pierce, Dex+2, unknown}
   (You found it on level 9 of the Dungeon)

   It inflicts extra damage upon your enemies.
   It affects your dexterity (+2).
Armour
 a - a +0 shield (worn)
Magical Staves
 d - an uncursed staff of summoning {unknown}
Jewellery
 i - a +5 ring of dexterity (left tentacle)
 o - an amulet of the gourmand (around mantle)
 t - a +5 ring of dexterity (right tentacle)
 v - a ring of see invisible (on tentacle)
 y - an uncursed amulet of regeneration {unknown}
Wands
 n - a wand of iceblast (10)
Scrolls
 e - 11 scrolls of identify {unknown}
 f - a scroll of noise {unknown}
 h - 2 scrolls of enchant weapon {unknown}
 j - a scroll of blinking {unknown}
 k - 2 scrolls of fog {unknown}
 m - 2 scrolls of remove curse {unknown}
 p - 2 scrolls of immolation {unknown}
 u - a scroll of random uselessness {unknown}
 x - 2 scrolls of teleportation {unknown}
Potions
 b - a potion of might
 g - a potion of heal wounds {unknown}
 l - 3 potions of degeneration {unknown}
 q - a potion of invisibility {unknown}
 r - a potion of ambrosia {unknown}
 s - a potion of mutation {unknown}
 w - 3 potions of lignification {unknown}
 A - a potion of curing
Comestibles
 c - 7 rations
 z - 4 chunks of flesh


   Skills:
 + Level 5.1 Fighting
 + Level 5.0 Dodging
 * Level 8.4 Stealth
 + Level 5.1 Shields
 + Level 4.4 Unarmed Combat


You had 7 spell levels left.
You didn't know any spells.

Dungeon Overview and Level Annotations

Branches:
Dungeon (6/15)
 Temple: D:4-7

Altars:
Dithmenos
Elyvilon
Hepliaklqana
Qazlal
Sif Muna
Uskayaw

Annotations:
D:5 wjh11's ghost, novice MiBe


Innate Abilities, Weirdness & Mutations

You cannot wear most types of armour.
You are very stealthy in the water. (Stealth+)
You are amphibious.
You can wear up to eight rings at the same time.
You can use your tentacles to constrict eight enemies at once.
Your skin changes colour to match your surroundings (Stealth+).
Your rubbery body absorbs attacks. (AC +1, EV +1)
Your life essence is reduced to manifest your ancestor. (-10% HP)


Message History

You squeeze the two-headed ogre.
The two-headed ogre is severely wounded.
You block the orc's attack.
You barely miss the two-headed ogre.
The two-headed ogre is severely wounded.
The two-headed ogre closely misses you. x2
You barely miss the two-headed ogre.
The two-headed ogre is severely wounded.
The orc hits you with a club.
You block the two-headed ogre's attack. x2
You tentacle-slap the two-headed ogre.
The two-headed ogre is severely wounded.
You block the orc's attack.
The two-headed ogre hits you with a giant club.
* * * LOW HITPOINT WARNING * * *
The two-headed ogre hits you with a giant club!
* * * LOW HITPOINT WARNING * * *
You bludgeon the two-headed ogre!
The two-headed ogre is almost dead.
The orc hits you with a club.
You die...

..# ..
o.......... ..#
......... ..#
.[.o.... ...#
....... ###...#
.....###...#
..o...#@.#
#O#ooO## #o#.o##
#.#...#
#.)#....?#
#...#.#.##..#
#......... #.#
#.......#... ..#
#.......#.#.....[


You could see a two-headed ogre, an orc wizard and 2 orcs.

Vanquished Creatures
  An ice beast (D:3)
  3 bullfrogs
  2 crimson imps
  2 hounds (D:4)
  Crazy Yiuf (D:2)
  2 orc priests
  A bullfrog skeleton (D:4)
  Natasha (twice) (D:3)
  2 orc wizards
  2 worker ants (D:4)
  2 hound skeletons
  A gnoll (D:4)
  6 adders
  2 oozes (D:5)
  An adder skeleton (D:4)
  5 worms (D:2)
  3 dart slugs
  6 leopard geckos
  21 orcs
  A ball python (D:1)
  7 bats
  3 giant cockroaches
  7 goblins
  5 hobgoblins
  5 jackals (D:6)
  3 quokkas
  4 frilled lizards
  10 kobolds
  12 rats
122 creatures vanquished.

Vanquished Creatures (collateral kills)
  2 phantoms
  A black bear (D:6)
  An ogre (D:4)
  A hound (D:6)
  A hound skeleton (D:5)
  2 gnolls (D:4)
  An ooze (D:3)
  An orc (D:9)
  2 jackals (D:6)
  A quokka (D:3)
13 creatures vanquished.

Vanquished Creatures (others)
  A centaur skeleton (D:6)
  An ancestor (D:5)
  A knight (D:9)
3 creatures vanquished.

Grand Total: 138 creatures vanquished

Notes
Turn   | Place    | Note
-------+----------+-------------------------------------------
     0 | D:1      | Alphaeus the Octopode Fighter began the quest for the Orb.
     0 | D:1      | Reached XP level 1. HP: 16/16 MP: 1/1
   167 | D:1      | Reached skill level 1 in Stealth
   330 | D:1      | Reached XP level 2. HP: 20/21 MP: 2/2
   760 | D:1      | Reached skill level 2 in Stealth
  1004 | D:2      | Found a white marble altar of Elyvilon.
  1017 | D:2      | Reached XP level 3. HP: 20/26 MP: 3/3
  1218 | D:2      | Found a shadowy altar of Dithmenos.
  1678 | D:2      | Reached skill level 3 in Stealth
  1687 | D:2      | Reached XP level 4. HP: 31/31 MP: 4/4
  1862 | D:2      | Found a stormy altar of Qazlal.
  2144 | D:2      | Found a runed door.
  2338 | D:2      | Noticed Crazy Yiuf
  2343 | D:2      | Killed Crazy Yiuf
  2343 | D:2      | Reached XP level 5. HP: 36/36 MP: 5/5
  2442 | D:3      | Found a hazy altar of Hepliaklqana.
  2457 | D:3      | Became a worshipper of Hepliaklqana the Forgotten
  2487 | D:3      | Reached skill level 4 in Stealth
  2700 | D:3      | Found a faded altar of an unknown god.
  2745 | D:3      | Noticed an ice beast
  2767 | D:3      | Killed an ice beast
  2767 | D:3      | Reached XP level 6. HP: 3/38 MP: 6/6
  3120 | D:3      | Noticed Natasha
  3125 | D:3      | Reached skill level 5 in Stealth
  3132 | D:3      | Killed Natasha
  3834 | D:3      | Noticed Natasha
  3842 | D:3      | Killed Natasha
  4030 | D:4      | Found a hide-covered altar of Uskayaw.
  4055 | D:4      | Noticed a phantom
  4055 | D:4      | Reached * piety under Hepliaklqana
  4094 | D:4      | Killed a phantom
  4094 | D:4      | Reached XP level 7. HP: 17/43 MP: 7/7
  4275 | D:4      | Found a deep blue altar of Sif Muna.
  4391 | D:4      | Reached skill level 6 in Stealth
  5139 | D:5      | Entered Level 5 of the Dungeon
  5193 | D:5      | Noticed wjh11's ghost (novice MiBe)
  5352 | D:4      | Reached skill level 7 in Stealth
  5933 | D:4      | Reached XP level 8. HP: 42/48 MP: 8/8
  6752 | D:6      | Reached skill level 8 in Stealth
  6761 | D:6      | Reached skill level 5 in Fighting
  6761 | D:6      | Reached skill level 5 in Shields
  6891 | D:6      | Reached ** piety under Hepliaklqana
  6892 | D:6      | Remembered your ancestor Cuddles as a knight
  6914 | D:6      | Reached skill level 5 in Dodging
  7028 | D:6      | You fall through a shaft for 3 floors!
  7028 | D:9      | Noticed a two-headed ogre
  7038 | D:9      | Got a fine rapier
  7051 | D:9      | HP: 2/49 [two-headed ogre/giant club (12)]
  7052 | D:9      | Slain by an orc

Vault maps used:
D:1:      minmay_arrival_solitary_statue
D:2:      lemuel_round_altar, nicolae_overflow_crystal_walls, first_ration,
          lemuel_statue_altar, uniq_crazy_yiuf_cottage
D:3:      old_standard_altar, chequers_ecumenical_altar_twisty,
          bh_walls_and_bars, uniq_natasha
D:4:      kennysheep_mini, kennysheep_mini_moat
D:5:      serial_glass, glass_columns_a, glass_columns_a
D:6:      kennysheep_ying_yang, kennysheep_little_box,
          overflow_temple_1_default, lemuel_doored_altar,
          lemuel_temple_firewalk_a
D:9:      david_lair_shrubbed, david_orc_5, serial_shops, nicolae_shop_crystal

Skill      XL: |  1  2  3  4  5  6  7  8 |
---------------+-------------------------+-----
Stealth        | 1 2 3 4 5 7 8 |  8.4
Unarmed Combat | 3 4 |  4.4
Fighting       | 4 5 |  5.1
Dodging        | 4 5 |  5.0
Shields        | 4 5 |  5.1

Action                   |  1- 3 |  4- 6 |  7- 9 || total
-------------------------+-------+-------+-------++-------
Melee: Unarmed           |    81 |   121 |   118 ||   320
       Constrict         |    25 |    28 |    36 ||    89
       Tentacles         |    18 |    33 |    43 ||    94
       Punch             |     1 |     4 |     8 ||    13
Invok: Ancestor Identity |       |       |     1 ||     1
       Recall Ancestor   |       |       |     1 ||     1
       Ancestor Life: Kn |       |       |     1 ||     1
  Use: Potion            |       |     2 |     1 ||     3
 Stab: Sleeping          |    13 |    20 |    10 ||    43
       Distracted        |       |     3 |     2 ||     5
  Eat: Chunk             |     2 |    18 |    10 ||    30
Armor: Skin              |     6 |     4 |     3 ||    13
Dodge: Dodged            |    31 |    41 |    50 ||   122
Block: Shield            |    23 |    30 |    66 ||   119

Table legend:
 A = Spawn XP
 B = Non-spawn XP
 C = Spawn XP percentage of total XP
 D = Spawn monster count
 E = Non-spawn monster count
 F = Spawn count percentage of total count
 G = Total turns spent on level
                    A         B        C        D         E        F      G
               +---------+---------+-------+---------+---------+-------+---------
         Total |       0 |    1901 |   0.0 |       0 |     135 |   0.0 |  7052
               +---------+---------+-------+---------+---------+-------+---------
           D:1 |       0 |      30 |   0.0 |       0 |      18 |   0.0 |   981
           D:2 |       0 |     142 |   0.0 |       0 |      29 |   0.0 |  1433
           D:3 |       0 |     310 |   0.0 |       0 |      33 |   0.0 |  1567
           D:4 |       0 |     656 |   0.0 |       0 |      20 |   0.0 |  1935
           D:5 |       0 |     287 |   0.0 |       0 |      17 |   0.0 |   677
           D:6 |       0 |     456 |   0.0 |       0 |      15 |   0.0 |   435
           D:9 |       0 |      20 |   0.0 |       0 |       3 |   0.0 |    24
               +---------+---------+-------+---------+---------+-------+---------
